 Dungeon Crawl Stone Soup version 0.26-a0-720-g2a1d101370 (webtiles) character file.

Game seed: 14100916231208746525

2120 Mitsuki the Shield-Bearer (level 9, -5/79 HPs)
             Began as a Minotaur Fighter on Nov 2, 2020.
             Was an Initiate of Ru.
             Slain by a two-headed ogre
             ... wielding a +0 giant club
              (8 damage)
             ... on level 7 of the Dungeon.
             The game lasted 00:16:28 (7417 turns).

Mitsuki the Shield-Bearer (Minotaur Fighter)        Turns: 7417, Time: 00:16:29

Health: -5/79      AC: 10    Str: 23    XL:     9   Next: 8%
Magic:  8/8        EV:  9    Int:  7    God:    Ru [......]
Gold:   296        SH: 11    Dex:  9    Spells: 8/8 levels left

rFire    + . .     SeeInvis .   a - +1 long sword
rCold    + . .     Faith    .   c - +0 kite shield
rNeg     + . .     Spirit   .   q - +0 chain mail
rPois    .         Reflect  .   (helmet restricted)
rElec    .         Harm     .   j - scarf {rC+ rF+}
rCorr    .         Rampage  .   (no gloves)
MR       .....                  (no boots)
Stlth    ..........             (no amulet)
HPRegen  0.23/turn              v - ring of positive energy
MPRegen  0.11/turn              (no ring)

@: no status effects
A: retaliatory headbutt, horns 2
a: Renounce Religion


You were on level 7 of the Dungeon.
You worshipped Ru.
Ru was noncommittal.
You visited 2 branches of the dungeon, and saw 9 of its levels.

You collected 296 gold pieces.

Inventory:

Hand Weapons
 a - a +1 long sword (weapon)
Missiles
 h - 3 curare-tipped darts (quivered)
Armour
 c - a +0 kite shield (worn)
 j - a scarf of resistance (worn)
 q - a +0 chain mail (worn)
Jewellery
 v - a ring of positive energy (left hand)
Scrolls
 b - 4 scrolls of enchant weapon
 e - 5 scrolls of teleportation
 f - a scroll of fear
 g - 2 scrolls of blinking {unknown}
 l - a scroll of magic mapping {unknown}
 o - a scroll of remove curse
 p - a scroll of fog {unknown}
 s - 9 scrolls of identify {unknown}
 u - 3 scrolls of amnesia {unknown}
 x - a scroll of enchant armour {unknown}
Potions
 d - a potion of lignification {unknown}
 i - 4 potions of heal wounds {unknown}
 k - a potion of cancellation {unknown}
 m - 6 potions of haste {unknown}
 n - a potion of mutation {unknown}
 r - a potion of magic {unknown}
 t - a potion of curing {unknown}
 w - a potion of berserk rage {unknown}
 z - a potion of degeneration {unknown}
 A - a potion of ambrosia {unknown}


   Skills:
 + Level 7.4 Fighting
 + Level 6.8 Long Blades
 + Level 7.4 Armour
 + Level 5.5 Dodging
 + Level 7.4 Shields


You had 8 spell levels left.
You didn't know any spells.
Your spell library contained the following spells:

 Spells                   Type           Power        Failure   Level
 Animate Skeleton         Necr           #.....       100%        1
 Apportation              Tloc           #.....       100%        1
 Corona                   Hex            #......      100%        1
 Summon Small Mammal      Summ           #...         100%        1
 Bolt of Magma            Conj/Fire/Erth #.........   100%        5
 Iskenderun's Battlesphe  Conj           #.......     100%        5
 Iron Shot                Conj/Erth      #.........   100%        6
 Orb of Destruction       Conj           #.........   100%        7
 Spellforged Servitor     Conj/Summ      #.........   100%        7


Dungeon Overview and Level Annotations

Branches:
Dungeon (8/15)             Temple (1/1) D:4
   Lair: D:8-11

Altars:
Ashenzari
Dithmenos
Elyvilon
Fedhas
Gozag
Hepliaklqana
Kikubaaqudgha
Makhleb
Okawaru
Qazlal
Ru
Sif Muna
Uskayaw
Vehumet
Xom
Yredelemnul
Zin
The Shining One


Innate Abilities, Weirdness & Mutations

You reflexively headbutt those who attack you in melee.
You have a pair of horns on your head.


Message History

You hit the two-headed ogre.
You headbutt the two-headed ogre, but do no damage.
The two-headed ogre is heavily wounded.
You hit the two-headed ogre. You headbutt the two-headed ogre.
The two-headed ogre is severely wounded.
The two-headed ogre hits you with a +0 giant club!
* * * LOW HITPOINT WARNING * * *
You block the two-headed ogre's attack.
You take 11 damage, and have 20/79 hp.
You hit the two-headed ogre.
The two-headed ogre is severely wounded.
You block the two-headed ogre's attack.
The two-headed ogre hits you with a +0 giant club!!
* * * LOW HITPOINT WARNING * * *
You take 17 damage, and have 3/79 hp.
MASSIVE DAMAGE!!
You slash the two-headed ogre!
The two-headed ogre is almost dead.
The two-headed ogre hits you but does no damage.
The two-headed ogre hits you with a +0 giant club!
You die...

####.### #............###
#.# #......#.#.#...# #.#
#..............# ##.#
#......#.......# #..#
#..†...##......# #.##
#####.###........# #.#
##.###.......#..###
#.###.#..........##.#
#.##.#@.....##..###.# #
#####.###..O............#
#
#..........###.###.######
# #.####.##..#=#.....#
#######.####.##..###.#####
...........#.###.....#
...####.##.#.# ####..# ##
#### #.##.#.# ##.## #####.
#......## #...# #.....


You could see a two-headed ogre.

Vanquished Creatures
  Grinder (D:4)
  A water moccasin (D:5)
  An ice beast (D:7)
  A sky beast (D:7)
  3 phantoms (D:5)
  2 ogres
  A centaur (D:6)
  2 bullfrogs (D:7)
  3 scorpions
  A quasit (D:7)
  4 hounds
  A jelly (D:5)
  3 orc priests (D:4)
  A bullfrog skeleton (D:5)
  2 iguanas
  Crazy Yiuf (D:5)
  An orc wizard (D:4)
  7 worker ants
  A killer bee zombie (D:6)
  3 gnolls (D:2)
  A howler monkey skeleton (D:7)
  10 adders
  2 white imps
  An ufetubus (D:6)
  4 oozes (D:2)
  An adder skeleton (D:5)
  An adder zombie (D:2)
  2 worms (D:2)
  A dart slug (D:1)
  A leopard gecko (D:7)
  18 orcs
  3 ball pythons
  2 giant cockroaches
  5 hobgoblins
  A jackal (D:2)
  2 quokkas
  9 bats
  9 frilled lizards
  2 goblins (D:1)
  6 kobolds
  12 rats
133 creatures vanquished.

Notes
Turn   | Place    | Note
-------+----------+-------------------------------------------
     0 | D:1      | Mitsuki the Minotaur Fighter began the quest for the Orb.
     0 | D:1      | Reached XP level 1. HP: 19/19 MP: 0/0
   294 | D:1      | Reached XP level 2. HP: 27/27 MP: 1/1
   781 | D:2      | Reached XP level 3. HP: 24/33 MP: 2/2
  1132 | D:2      | Reached skill level 1 in Dodging
  1166 | D:2      | Reached XP level 4. HP: 37/40 MP: 3/3
  1392 | D:2      | Found a broken altar of Ashenzari.
  1499 | D:2      | Reached XP level 5. HP: 27/47 MP: 4/4
  1763 | D:2      | Found a faded altar of an unknown god.
  2715 | D:4      | Found a staircase to the Ecumenical Temple.
  2738 | Temple   | Entered the Ecumenical Temple
  2976 | Temple   | Became a worshipper of Ru the Awakened
  3105 | D:4      | Noticed Grinder
  3105 | D:4      | Paralysed by Grinder for 6 turns
  3116 | D:4      | Killed Grinder
  3116 | D:4      | Reached skill level 5 in Fighting
  3116 | D:4      | Reached skill level 5 in Armour
  3116 | D:4      | Reached skill level 5 in Shields
  3116 | D:4      | Reached XP level 6. HP: 38/56 MP: 5/5
  3622 | D:4      | Reached XP level 7. HP: 30/61 MP: 6/6
  3786 | D:4      | Found a basalt altar of Yredelemnul.
  4232 | D:5      | Entered Level 5 of the Dungeon
  4345 | D:5      | Reached skill level 5 in Long Blades
  4877 | D:5      | Reached XP level 8. HP: 47/70 MP: 7/7
  5066 | D:5      | Found a runed translucent door.
  5069 | D:5      | Noticed Crazy Yiuf
  5073 | D:5      | Killed Crazy Yiuf
  6248 | D:6      | Found a burning altar of Makhleb.
  6416 | D:7      | Reached skill level 5 in Dodging
  6841 | D:7      | Reached XP level 9. HP: 78/79 MP: 8/8
  7147 | D:8      | Noticed a two-headed ogre
  7416 | D:7      | HP: 3/79 [two-headed ogre/+0 giant club (18)]
  7417 | D:7      | Slain by a two-headed ogre

Illustrated notes

Levels and vault maps discovered:
D:1:      wander_arrival_estate, layout_loops_ring
D:2:      layout_loops_ring, evilmike_ruin_ashenzari,
          chequers_ecumenical_altar_simple, minmay_joined_circles
D:3:      layout_basic
D:4:      layout_loops_ring, overflow_temple_1_default,
          minmay_temple_entry_slanted, uniq_grinder
D:5:      layout_basic, uniq_crazy_yiuf_cottage
D:6:      layout_basic, marbit_many_paths
D:7:      layout_loops_cross, serial_glass, glass_columns_c, glass_columns_a,
          glass_columns_a, glass_columns_b, glass_columns_a, glass_columns_a,
          glass_columns_a, glass_columns_a, item_on_display_a
D:8:      layout_basic, nicolae_overflow_crystal_walls,
          overflow_temple_1_default, serial_shops, nicolae_shop_window_shopping
Temple:   regret_index_temple_generic_petals

Skill      XL: |  1  2  3  4  5  6  7  8 |
---------------+-------------------------+-----
Fighting       | 4 5 6 7 |  7.4
Armour         | 4 5 6 7 |  7.4
Shields        | 4 5 6 7 |  7.4
Long Blades    | 3 4 5 6 |  6.8
Dodging        | 1 2 3 4 5 |  5.5

Action                   |  1- 3 |  4- 6 |  7- 9 || total
-------------------------+-------+-------+-------++-------
Melee: Long sword        |    97 |   111 |   270 ||   478
       Headbutt          |    15 |    20 |    54 ||    89
Invok: Reject Sacrifices |       |       |     1 ||     1
Evoke: Wand              |       |       |     3 ||     3
  Use: Potion            |       |     1 |       ||     1
       Scroll            |       |       |     5 ||     5
 Stab: Paralysed         |       |       |     4 ||     4
Armor: Scale mail        |    56 |     5 |       ||    61
       Chain mail        |       |    41 |    96 ||   137
Dodge: Dodged            |    34 |    27 |    63 ||   124
Block: Kite shield       |    53 |    56 |   131 ||   240
       Rpst.: Long sword |     9 |     4 |    16 ||    29

Table legend: (Time is in decaauts)
 A = Elapsed time spent in this place.
 B = Non-inter-level travel time spent in this place.
 C = Inter-level travel time spent in this place.
 D = Time resting spent in this place.
 E = Time spent auto-exploring this place.
 F = Levels seen in this place.
 G = Mean time per level.
                   A        B        C        D        E       F      G
               +--------+--------+--------+--------+--------+-----+--------+
         Total |   7527 |   7156 |    371 |      5 |   6023 |   9 |  836.3 |
       Dungeon |   7261 |   6917 |    344 |      5 |   5836 |   8 |  907.6 |
        Temple |    266 |    239 |     27 |      0 |    187 |   1 |  266.0 |
               +--------+--------+--------+--------+--------+-----+--------+

Top non-repeatable levels by time:
     D:4: 1415 daAuts
     D:2: 1297 daAuts
     D:5: 1201 daAuts
     D:6: 1084 daAuts
     D:7: 792 daAuts
     D:1: 780 daAuts
     D:3: 686 daAuts
  Temple: 266 daAuts
     D:8: 1 daAuts
